 Dungeon Crawl Stone Soup version 0.31-a0-7-g51783674b7 (webtiles) character file.

Game seed: 12416915386382565774

159 Darkkill the Shooter (level 5, -4/46 HPs)
             Began as a Minotaur Hunter on May 5, 2023.
             Slain by a gnoll bouda
             ... wielding a +0 club
              (5 damage)
             ... on level 4 of the Dungeon.
             The game lasted 00:05:24 (2452 turns).

Darkkill the Shooter (Minotaur Hunter)              Turns: 2452, Time: 00:05:24

Health: -4/46      AC: 10    Str: 15    XL:     5   Next: 17%
Magic:  4/4        EV: 13    Int:  6    God:
Gold:   193        SH:  0    Dex: 16    Spells: 4/4 levels left

rFire   . . .        a - +0 shortbow
rCold   . . .        (shield currently unavailable)
rNeg    . . .        c - +1 leather armour
rPois   .            g - +2 hat
rElec   .            (no cloak)
rCorr   .            (no gloves)
SInv    .            (no boots)
Will    .....        (no amulet)
Stlth   ++           f - +4 ring of protection
HPRegen 0.27/turn    (no ring)
MPRegen 0.09/turn

%: no passive effects
@: lethally poisoned (-4 -> -10)
A: horns 2, retaliatory headbutt
a: no special abilities


You were on level 4 of the Dungeon.
You visited 1 branch of the dungeon, and saw 6 of its levels.

You collected 193 gold pieces.

Inventory:

Hand Weapons
 a - a +0 shortbow (weapon)
Missiles
 e - 6 poisoned darts
 h - 20 stones
Armour
 c - a +1 leather armour (worn)
 g - a +2 hat (worn)
Jewellery
 f - a +4 ring of protection (left hand)
Wands
 i - a wand of iceblast (18)
Scrolls
 b - a scroll of immolation
Potions
 j - a potion of curing {unknown}
 k - a potion of magic
 p - a potion of brilliance


   Skills:
 + Level 3.9 Fighting
 + Level 5.2 Ranged Weapons
 + Level 3.4 Dodging
 + Level 2.3 Stealth


You had 4 spell levels left.
You didn't know any spells.
Your spell library contained the following spells:

 Spells                   Type           Power      Damage    Failure   Level
 Kiss of Death            Conj/Necr      0%         2d5       52%         1
 Necrotise                Necr           0%         1d4       52%         1
 Confusing Touch          Hex            0%         N/A       88%         3
 Vampiric Draining        Necr           0%         2d6       88%         3
 Dispel Undead            Necr           0%         3d6       99%         4
 Agony                    Necr           0%         N/A       100%        5


Dungeon Overview and Level Annotations

Branches:
Dungeon (6/15)             Temple (0/1) D:5

Altars:

Shops:
D:1 *(*   D:3 :

Annotations:
D:3 1 runed translucent door, BlasphemerAmon's ghost, weakling SpHu
D:6 Grinder


Innate Abilities, Weirdness & Mutations

You have a pair of horns on your head.
You reflexively headbutt those who attack you in melee.


Message History

You kill the hobgoblin!
There is an open door here.
You see here a hobgoblin corpse.
There is an open door here.
You see here a hobgoblin corpse.
You open the door.
There is an open door here.
Found Kein Cumn's Book Boutique.
No target in view!
There is an entrance to Kein Cumn's Book Boutique here.
No target in view!
There is an open door here.
There is an open door here.
You open the door.
There is an open door here.
There is an open door here.
There is a stone staircase leading down here.
Items here: )))).
BlasphemerAmon's ghost turns its malevolent gaze towards you.
The adder hisses angrily.
Could not explore, unopened runed door.
There's something in the way.
Could not explore, unopened runed door.
There's something in the way.
There's something in the way.
Could not explore, unopened runed door.
There's something in the way.
Could not explore, unopened runed door.
Could not explore, unopened runed door.
There's something in the way.
You drop a ring of willpower.
You drop a ring of ice.
Okay, then.
There is a stone staircase leading down here.
You climb downwards.
The gnoll shouts! x3; The adder hisses angrily.
The gnoll bouda shouts!
Found a robe.
There is a stone staircase leading up here.
There are monsters nearby!
You shoot an arrow. The arrow closely misses the gnoll.
A kobold comes into view. It is wielding a +0 whip.
The gnoll barely misses you. The gnoll hits you with a +0 halberd!
The gnoll hits you with a +0 spear. The gnoll closely misses you.
You furiously retaliate!
You headbutt the gnoll! The gnoll barely misses you. x2
The gnoll bouda hits you with a +0 club.
The gnoll misses you. The gnoll closely misses you.
The gnoll hits you with a +0 spear.
You are too injured to fight recklessly!
There are monsters nearby!
The gnoll closely misses you. You furiously retaliate!
You headbutt the gnoll.
The gnoll hits you from afar with a +0 halberd of freezing!
The gnoll freezes you. The gnoll hits you with a +0 flail.
The gnoll closely misses you.
The gnoll bouda calls upon its god to heal the gnoll.
The gnoll is healed somewhat.
The gnoll hits you with a +0 spear!
* * * LOW HITPOINT WARNING * * *
You climb upwards.
Level annotation: 1 runed translucent door, BlasphemerAmon's ghost, weakling SpHu
There is a stone staircase leading down here.
Read: scroll of fear
Press: ? - help, Q - select action, (/) - cycle Dir - look around, f - activate Look: a gnoll, wielding a +0 flail (chance to affect: 98%)
As you read the scroll of fear, it crumbles to dust.
You assume a fearsome visage.
The gnoll looks frightened! x4
Fire: a) +0 shortbow
Press: ? - help, Q - select action, (/) - cycle Shift-Dir - straight line, f/p - gnoll
Aim: a gnoll, wielding a +0 flail (fleeing, 66% to hit)
You shoot an arrow. The arrow closely misses the gnoll.
Fire: a) +0 shortbow
Press: ? - help, Q - select action, (/) - cycle Shift-Dir - straight line, f/p - gnoll
Aim: a gnoll, wielding a +0 flail (fleeing, 66% to hit)
You shoot an arrow.
The arrow hits the gnoll but does no damage.
Your attack snaps the gnoll out of its fear.
The gnoll bouda barely misses you.
Fire: a) +0 shortbow
Press: ? - help, Q - select action, (/) - cycle Shift-Dir - straight line, f/p - gnoll
Aim: a gnoll, wielding a +0 flail (66% to hit)
You shoot an arrow. The arrow barely misses the gnoll.
The gnoll hits you but does no damage.
The gnoll bouda barks out a call to the hunt!
The gnolls pick up the pace!
Cornered, the gnoll turns to fight!
The gnoll hits you but does no damage.
The gnoll bouda hits you with a +0 club!
* * * LOW HITPOINT WARNING * * *
Unknown command.
The gnoll barely misses you.
The gnoll bouda calls upon its god to heal the gnoll.
The gnoll's wounds heal themselves!
You climb downwards.
The adder barely misses you. You furiously retaliate!
You headbutt the adder, but do no damage.
The adder closely misses you. You furiously retaliate!
You headbutt the adder.
There is a stone staircase leading up, spattered with blood here.
The adder bites you.
* * * LOW HITPOINT WARNING * * *
You are lethally poisoned!
The adder poisons you! The gnoll closely misses you.
The gnoll bouda hits you with a +0 club.
You die...

.#
...######
......#.#
......S.###
......g@g.#
.........##
.....K.###
.......
#......
#......
##...##
.g[.


You could see a gnoll bouda, 2 gnolls, an adder and a kobold.

Vanquished Creatures
  6 adders
  2 dart slugs
  10 orcs (D:3)
  6 ball pythons
  3 bats
  6 endoplasms
  3 giant cockroaches
  11 goblins
  4 hobgoblins
  10 jackals
  6 kobolds
  5 quokkas
  7 frilled lizards
  6 rats
85 creatures vanquished.

Notes
Turn   | Place    | Note
-------+----------+-------------------------------------------
     0 | D:1      | Darkkill the Minotaur Hunter began the quest for the Orb.
     0 | D:1      | Reached XP level 1. HP: 18/18 MP: 0/0
    35 | D:1      | Reached skill level 1 in Stealth
    53 | D:1      | Reached XP level 2. HP: 25/25 MP: 1/1
   103 | D:1      | Found Muijuax's General Store.
   140 | D:1      | Found a faded altar of an unknown god.
   184 | D:1      | Found Pikiqario's Weapon Boutique.
   192 | D:1      | Found Kataf's Assorted Antiques.
   281 | D:1      | Reached XP level 3. HP: 31/31 MP: 2/2
   938 | D:2      | Reached XP level 4. HP: 27/38 MP: 3/3
  1004 | D:2      | Reached skill level 5 in Ranged Weapons
  1675 | D:3      | You fall into a shaft and drop 3 floors!
  1678 | D:6      | Noticed Grinder
  1714 | D:5      | Entered Level 5 of the Dungeon
  1887 | D:3      | Found a runed translucent door.
  1893 | D:3      | Noticed BlasphemerAmon's ghost (weakling SpHu)
  1901 | D:3      | Reached XP level 5. HP: 46/46 MP: 4/4
  2320 | D:3      | Found Kein Cumn's Book Boutique.
  2444 | D:4      | HP: 8/46 [gnoll/+0 spear[a gnoll bouda] (7)]
  2449 | D:3      | HP: 1/46 [gnoll bouda/+0 club (9)]
  2452 | D:4      | Slain by a gnoll bouda

Illustrated notes

Levels and vault maps discovered:
D:1:      dpeg_arrival_tiny_d, layout_basic, serial_shops, shop_statue,
          shop_fountains, nicolae_shop_behind_doors, serial_rivers,
          chequers_serial_rivers_large_a, chequers_serial_rivers_room_a,
          chequers_serial_rivers_room_a, chequers_serial_rivers_marsh,
          shapermc_ecumenical_altar_starsandcircs,
          corexii_item_surrounded_by_moat, wander_ebering_terrifying_dragon_lair
D:2:      layout_basic, minmay_tromino_i4
D:3:      layout_loops_corners, ebering_ghost_sewer_d, serial_shops, shop
D:4:      layout_cave_pools, serial_shops, nicolae_take_the_stairs
D:5:      layout_basic, minmay_temple_entry_large_hall,
          hellmonk_guarded_unrand_hermit
D:6:      minmay_razor_zed, layout_gridville, uniq_eustachio, uniq_duvessa,
          uniq_grinder

Skill      XL: |  1  2  3  4 |
---------------+-------------+-----
Stealth        | 1 2 |  2.3
Fighting       | 3 |  3.9
Dodging        | 3 |  3.4
Ranged Weapons | 5 |  5.2

Action                     |  1- 3 |  4- 6 || total
---------------------------+-------+-------++-------
   Fire: Shortbow          |    93 |   107 ||   200
    Use: Scroll            |     4 |     9 ||    13
 Armour: Leather armour    |     8 |    15 ||    23
  Dodge: Dodged            |    25 |    34 ||    59

Table legend: (Time is in decaauts)
 A = Elapsed time spent in this place.
 B = Non-inter-level travel time spent in this place.
 C = Inter-level travel time spent in this place.
 D = Time resting spent in this place.
 E = Time spent auto-exploring this place.
 F = Levels seen in this place.
 G = Mean time per level.
                   A        B        C        D        E       F      G
               +--------+--------+--------+--------+--------+-----+--------+
         Total |   2515 |   2472 |     43 |      0 |   1968 |   6 |  419.2 |
       Dungeon |   2515 |   2472 |     43 |      0 |   1968 |   6 |  419.2 |
               +--------+--------+--------+--------+--------+-----+--------+

Top non-repeatable levels by time:
     D:3: 960 daAuts
     D:2: 732 daAuts
     D:1: 722 daAuts
     D:6: 38 daAuts
     D:5: 35 daAuts
     D:4: 25 daAuts

Levels and vault maps discovered:
D:1:      dpeg_arrival_tiny_d, layout_basic, serial_shops, shop_statue,
          shop_fountains, nicolae_shop_behind_doors, serial_rivers,
          chequers_serial_rivers_large_a, chequers_serial_rivers_room_a,
          chequers_serial_rivers_room_a, chequers_serial_rivers_marsh,
          shapermc_ecumenical_altar_starsandcircs,
          corexii_item_surrounded_by_moat, wander_ebering_terrifying_dragon_lair
D:2:      layout_basic, minmay_tromino_i4
D:3:      layout_loops_corners, ebering_ghost_sewer_d, serial_shops, shop
D:4:      layout_cave_pools, serial_shops, nicolae_take_the_stairs
D:5:      layout_basic, minmay_temple_entry_large_hall,
          hellmonk_guarded_unrand_hermit
D:6:      minmay_razor_zed, layout_gridville, uniq_eustachio, uniq_duvessa,
          uniq_grinder

Table legend: (Time is in decaauts)
 A = Elapsed time spent in this place.
 B = Non-inter-level travel time spent in this place.
 C = Inter-level travel time spent in this place.
 D = Time resting spent in this place.
 E = Time spent auto-exploring this place.
 F = Levels seen in this place.
 G = Mean time per level.
                   A        B        C        D        E       F      G
               +--------+--------+--------+--------+--------+-----+--------+
         Total |   2515 |   2472 |     43 |      0 |   1968 |   6 |  419.2 |
       Dungeon |   2515 |   2472 |     43 |      0 |   1968 |   6 |  419.2 |
               +--------+--------+--------+--------+--------+-----+--------+

Top non-repeatable levels by time:
     D:3: 960 daAuts
     D:2: 732 daAuts
     D:1: 722 daAuts
     D:6: 38 daAuts
     D:5: 35 daAuts
     D:4: 25 daAuts

Table legend:
 A = Kills in this place as a percentage of kills in the entire game.
 B = Kills by you in this place as a percentage of kills by you in the entire game.
 C = Kills by friends in this place as a percentage of kills by friends in the entire game.
 D = Other kills in this place as a percentage of other kills in the entire game.
 E = Experience gained in this place as a percentage of experience gained in the entire game.
 F = Experience gained in this place divided by the number of levels of this place that you have seen.
                   A       B       C       D       E      F
               +-------+-------+-------+-------+-------+----------------------
         Total | 100.0 | 100.0 |   N/A |   N/A | 100.0 |  38.0
       Dungeon | 100.0 | 100.0 |   N/A |   N/A | 100.0 |  38.0
               +-------+-------+-------+-------+-------+----------------------
